 Dungeon Crawl Stone Soup version 0.25.1-1-g288607f5aa (webtiles) character file.

Game seed: 8565740523173223513

61 Descartes the Sneak (level 3, -2/17 HPs)
             Began as a Felid Monk on July 21, 2020.
             Slain by a worm (8 damage)
             ... on level 2 of the Dungeon.
             The game lasted 00:02:40 (2544 turns).

Descartes the Sneak (Felid Monk)                    Turns: 2544, Time: 00:02:41

Health: -2/17      AC:  1    Str:  8    XL:     3   Next: 83%
Magic:  4/4        EV: 20    Int: 11    God:
Gold:   79         SH:  0    Dex: 18    Spells: 2/2 levels left
                                        Lives:  0   Deaths: 0

rFire    . . .     SeeInvis +     - Unarmed
rCold    . . .     Gourm    .   (shield unavailable)
rNeg     . . .     Faith    .   (armour unavailable)
rPois    .         Spirit   .   (helmet unavailable)
rElec    .         Reflect  .   (cloak unavailable)
rCorr    .         Harm     .   (gloves unavailable)
MR       .....                  (boots unavailable)
Stlth    ++++......             (no amulet)
HPRegen  0.05/turn              (no ring)
MPRegen  0.09/turn              (no ring)

@: quick
A: very small, no armour, no weapons or thrown items, stealth, claws 1, fangs 3,
see invisible, carnivore, speed 1, shaggy fur 1, slow metabolism 1, sharp paws
a: no special abilities


You were on level 2 of the Dungeon.
You were completely stuffed.

You visited 1 branch of the dungeon, and saw 3 of its levels.

You collected 79 gold pieces.

Inventory:

Missiles
 i - 24 arrows
Scrolls
 d - 2 scrolls of remove curse {unknown}
 e - a scroll of magic mapping {unknown}
 j - a scroll of enchant armour {unknown}
 k - a scroll of random uselessness {unknown}
 l - a scroll of teleportation {unknown}
 m - a scroll of identify {unknown}
Potions
 b - a potion of heal wounds {unknown}
 c - a potion of degeneration {unknown}
 g - 2 potions of curing {unknown}
 h - 2 potions of haste {unknown}
Comestibles
 a - 5 rations
 f - 2 chunks of flesh


   Skills:
 - Level 3.0 Fighting
 + Level 4.3 Dodging
 + Level 5.7 Stealth
 - Level 3.0 Unarmed Combat


You had 2 spell levels left.
You didn't know any spells.
Your spell library was empty.

Dungeon Overview and Level Annotations

Branches:
Dungeon (3/15)

Altars:


Innate Abilities, Weirdness & Mutations

You cannot wear armour.
You are incapable of wielding weapons or throwing items.
Your paws allow you to move quietly. (Stealth)
You have sharp claws.
You have razor-sharp teeth.
You have supernaturally acute eyesight. (SInv)
You are carnivorous and can eat meat at any time.
You cover ground quickly.
You are covered in fur. (AC +1)
You have a slow metabolism.
Your sharp claws are effective at attacking unaware monsters.


Message History

You are too injured to fight recklessly!
You are too injured to fight recklessly!
You are too injured to fight recklessly!
You are too injured to fight recklessly!
You are too injured to fight recklessly!
You are too injured to fight recklessly!
You are too injured to fight recklessly!
You are too injured to fight recklessly!
You are too injured to fight recklessly!
You are too injured to fight recklessly!
You are too injured to fight recklessly!
You are too injured to fight recklessly!
You are too injured to fight recklessly!
You are too injured to fight recklessly!
You are too injured to fight recklessly!
You are too injured to fight recklessly!
You scratch the worm.
The worm is lightly wounded.
The worm bites you!
You die...

.##.....###########..###.........
...........# ##.###..##.#.##
.##........# #..##..##.#.##
.##..##....#########.............
...................#...#.###.####
............###.##.#.#.#.# #.# #
...................<.#...# #.# #
..#..######.###w.........###.####
..#..# #.# #.@...............(
w.#..######.# #..#+#.#.....#.####
..#..##.....# #......#.....#.#
......+.....# #......#.....#.####
..##.##.....# #......#...........
..##.##.....###..................
.................................
.............................####
####.######.###.#.##.#.#.#.#.###.


You could see a worm.

Vanquished Creatures
  An ooze (D:2)
  A worm (D:2)
  3 dart slugs
  2 leopard geckos (D:1)
  A ball python (D:2)
  5 bats (D:1)
  4 giant cockroaches
  3 goblins
  6 hobgoblins
  5 kobolds
  3 frilled lizards
  11 rats
45 creatures vanquished.

Notes
Turn   | Place    | Note
-------+----------+-------------------------------------------
     0 | D:1      | Descartes the Felid Monk began the quest for the Orb.
     0 | D:1      | Reached XP level 1. HP: 10/10 MP: 2/2
   181 | D:1      | Reached skill level 3 in Stealth
   269 | D:1      | Reached XP level 2. HP: 10/14 MP: 3/3
   271 | D:1      | Reached skill level 4 in Stealth
  1063 | D:1      | Reached skill level 5 in Stealth
  1193 | D:1      | Reached XP level 3. HP: 17/17 MP: 4/4
  1355 | D:2      | You fall into a shaft and drop 1 floor!
  2544 | D:2      | Slain by a worm

Illustrated notes

Levels and vault maps discovered:
D:1:      dpeg_arrival_pond, layout_loops_ring
D:2:      layout_basic, first_ration
D:3:      layout_rooms

Skill      XL: |  1  2 |
---------------+-------+-----
Stealth        | 3 5 |  5.7
Fighting       | |  3.0
Dodging        | |  4.3
Unarmed Combat | |  3.0

Action                   || total
-------------------------++-------
Melee: Unarmed           ||   112
       Bite              ||    13
 Stab: Sleeping          ||    14
  Eat: Chunk             ||    10
Armor: Skin              ||     9
Dodge: Dodged            ||    75
